NWL (28 & UNDER)
MOOSE JAW GHOSTBUSTERS @ BALZAC RAMS
08/29/2023
 
TOP OF THE 1ST
Moose Jaw Ghostbusters batting - Pitching for Balzac Rams : RHP Anthony Rigsby
Pitching: RHP Anthony Rigsby
Batting: LHB Dave Stewart 0-0: Called Strike
0-1: Ground out 6-3 (Groundball, 6M)
Batting: LHB Will Vale 0-0: Ball
1-0: Foul Ball, location: 2F
1-1: Swinging Strike
1-2: Strikes out swinging
Batting: RHB Earl Wiggins 0-0: Called Strike
0-1: Ball
1-1: Ground out 6-3 (Groundball, 6)
Top of the 1st over - 0 run(s), 0 hit(s), 0 error(s), 0 left on base; Moose Jaw 0 - Balzac 0
BOTTOM OF THE 1ST
Balzac Rams batting - Pitching for Moose Jaw Ghostbusters : LHP Martin White
Pitching: LHP Martin White
Batting: RHB Ramón Torres 0-0: Ball
1-0: Called Strike
1-1: Ball
2-1: Ball
3-1: Foul Ball, location: 2F
3-2: Foul Ball, location: 2F
3-2: Fly out, F7 (Flyball, 78XD)
Batting: RHB Tokuhei Kobayashi 0-0: Called Strike
0-1: Ball
1-1: Ground out 5-3 (Groundball, 5S)
Batting: RHB Kent O'Cloonan 0-0: Ball
1-0: Ball
2-0: Called Strike
2-1: Foul Ball, location: 2F
2-2: DOUBLE (Groundball, 5L)
Batting: SHB Chris Bennis 0-0: Ball
1-0: Ball
2-0: Foul Ball, location: 2F
2-1: Ball
3-1: Foul Ball, location: 2F
3-2: Fly out, F9 (Flyball, 9LD)
Bottom of the 1st over - 0 run(s), 1 hit(s), 0 error(s), 1 left on base; Moose Jaw 0 - Balzac 0
TOP OF THE 2ND
Moose Jaw Ghostbusters batting - Pitching for Balzac Rams : RHP Anthony Rigsby
Batting: RHB Domingo Matos 0-0: Ball
1-0: Ball
2-0: Foul Ball, location: 2F
2-1: Foul Ball, location: 2F
2-2: Strikes out swinging
Batting: LHB Bartolo Villanueva 0-0: Ball
1-0: SINGLE (Line Drive, 6)
Batting: RHB Luis Miguel Sánchez 0-0: Ground out 5-3 (Groundball, 56S)
Bartolo Villanueva to second
Batting: RHB Pedro Meza 0-0: Ball
1-0: Fly out, F8 (Flyball, 8RM)
Top of the 2nd over - 0 run(s), 1 hit(s), 0 error(s), 1 left on base; Moose Jaw 0 - Balzac 0
BOTTOM OF THE 2ND
Balzac Rams batting - Pitching for Moose Jaw Ghostbusters : LHP Martin White
Batting: LHB José Berroa 0-0: Ground out 5-3 (Groundball, 56)
Batting: RHB Dave Craig 0-0: Ball
1-0: Called Strike
1-1: Ball
2-1: Ball
3-1: Foul Ball, location: 2F
3-2: Foul Ball, location: 2F
3-2: Base on Balls
Batting: LHB Colt Pope 0-0: Ball
1-0: Foul Ball, location: 2F
1-1: Foul Ball, location: 2F
1-2: Ball
2-2: Foul Ball, location: 2F
2-2: Fly out, F7 (Flyball, 7M)
Batting: RHB Manuel Pérez 0-0: Foul Ball, location: 2F
0-1: Hit by Pitch
Dave Craig to second
Batting: RHB Shawn Bane 0-0: Ball
1-0: Ball
2-0: Ball
3-0: Base on Balls
Dave Craig to third
Manuel Pérez to second
Batting: RHB Ramón Torres 0-0: Called Strike
0-1: Swinging Strike
0-2: Ball
1-2: Ball
2-2: Ball
3-2: Strikes out swinging
Bottom of the 2nd over - 0 run(s), 0 hit(s), 0 error(s), 3 left on base; Moose Jaw 0 - Balzac 0
TOP OF THE 3RD
Moose Jaw Ghostbusters batting - Pitching for Balzac Rams : RHP Anthony Rigsby
Batting: RHB Ángel García 0-0: Ball
1-0: Ground out 4-3 (Groundball, 4)
Batting: LHB Carlos López 0-0: Called Strike
0-1: Swinging Strike
0-2: Ground out U3 (Groundball, 3)
Batting: LHB Dave Stewart 0-0: Ball
1-0: Fly out, F8 (Flyball, 8LM)
Top of the 3rd over - 0 run(s), 0 hit(s), 0 error(s), 0 left on base; Moose Jaw 0 - Balzac 0
BOTTOM OF THE 3RD
Balzac Rams batting - Pitching for Moose Jaw Ghostbusters : LHP Martin White
Batting: RHB Tokuhei Kobayashi 0-0: Foul Ball, location: 2F
0-1: Ball
1-1: Ground out U3 (Groundball, 3)
Batting: RHB Kent O'Cloonan 0-0: Ball
1-0: Called Strike
1-1: DOUBLE (Flyball, 8LS)
Pitching: RHP Bill Jones
Batting: SHB Chris Bennis 0-0: Swinging Strike
0-1: Foul Ball, location: 2F
0-2: Foul Ball, location: 2F
0-2: Foul Ball, location: 2F
0-2: Strikes out swinging
Batting: LHB José Berroa 0-0: Ground out 4-3 (Groundball, 4)
Bottom of the 3rd over - 0 run(s), 1 hit(s), 0 error(s), 1 left on base; Moose Jaw 0 - Balzac 0
TOP OF THE 4TH
Moose Jaw Ghostbusters batting - Pitching for Balzac Rams : RHP Anthony Rigsby
Batting: LHB Will Vale 0-0: Ball
1-0: Foul Ball, location: 2F
1-1: Ball
2-1: Swinging Strike
2-2: Foul Ball, location: 2F
2-2: Fly out, F8 (Flyball, 8LM)
Batting: RHB Earl Wiggins 0-0: DOUBLE (Line Drive, 5L)
Batting: RHB Domingo Matos 0-0: Foul Ball, location: 2F
0-1: Ball
1-1: Ball
2-1: Ball
3-1: Base on Balls
Batting: LHB Bartolo Villanueva 0-0: Ball
1-0: Ball
2-0: Ball
3-0: Base on Balls
Earl Wiggins to third
Domingo Matos to second
Batting: RHB Luis Miguel Sánchez 0-0: Called Strike
0-1: Ball
1-1: SINGLE (Groundball, 13) (infield hit)
Earl Wiggins scores
Domingo Matos to third
Bartolo Villanueva to second
Batting: RHB Pedro Meza 0-0: Fly out, F6 (Line Drive, 6)
Batting: RHB Ángel García 0-0: Called Strike
0-1: Ball
1-1: Ball
2-1: Swinging Strike
2-2: Strikes out swinging
Top of the 4th over - 1 run(s), 2 hit(s), 0 error(s), 3 left on base; Moose Jaw 1 - Balzac 0
BOTTOM OF THE 4TH
Balzac Rams batting - Pitching for Moose Jaw Ghostbusters : RHP Bill Jones
Batting: RHB Dave Craig 0-0: Ball
1-0: Ground out 5-3 (Groundball, 5S)
Batting: LHB Colt Pope 0-0: Bunted foul
0-1: Ground out 4-3 (Groundball, 34)
Batting: RHB Manuel Pérez 0-0: Called Strike
0-1: Ball
1-1: Ball
2-1: Called Strike
2-2: Strikes out swinging
Bottom of the 4th over - 0 run(s), 0 hit(s), 0 error(s), 0 left on base; Moose Jaw 1 - Balzac 0
TOP OF THE 5TH
Moose Jaw Ghostbusters batting - Pitching for Balzac Rams : RHP Anthony Rigsby
Batting: LHB Carlos López 0-0: Swinging Strike
0-1: Ball
1-1: Swinging Strike
1-2: Ball
2-2: Ground out 6-3 (Groundball, 6)
Batting: LHB Dave Stewart 0-0: Called Strike
0-1: Called Strike
0-2: Ball
1-2: SINGLE (Groundball, 34D)
Pitching: RHP Savino Ammanati
Batting: LHB Will Vale 0-0: Ball
1-0: Ball
2-0: Called Strike
2-1: Called Strike
2-2: Foul Ball, location: 2F
2-2: Ground out 1-3 (Groundball, 13)
Dave Stewart to second
Batting: RHB Earl Wiggins 0-0: Ball
1-0: Called Strike
1-1: Swinging Strike
1-2: Ball
2-2: Foul Ball, location: 2F
2-2: Fly out, F5 (Line Drive, 5L)
Top of the 5th over - 0 run(s), 1 hit(s), 0 error(s), 1 left on base; Moose Jaw 1 - Balzac 0
BOTTOM OF THE 5TH
Balzac Rams batting - Pitching for Moose Jaw Ghostbusters : RHP Bill Jones
Batting: RHB Shawn Bane 0-0: Fly out, F9 (Flyball, 9S)
Batting: RHB Ramón Torres 0-0: Called Strike
0-1: Ball
1-1: Foul Ball, location: 2F
1-2: Ball
2-2: Foul Ball, location: 2F
2-2: Ball
3-2: Foul Ball, location: 2F
3-2: Strikes out swinging
Batting: RHB Tokuhei Kobayashi 0-0: Swinging Strike
0-1: Called Strike
0-2: Foul Ball, location: 2F
0-2: Ball
1-2: Ball
2-2: Foul Ball, location: 2F
2-2: Ball
3-2: Strikes out swinging
Bottom of the 5th over - 0 run(s), 0 hit(s), 0 error(s), 0 left on base; Moose Jaw 1 - Balzac 0
TOP OF THE 6TH
Moose Jaw Ghostbusters batting - Pitching for Balzac Rams : RHP Savino Ammanati
Batting: RHB Domingo Matos 0-0: Called Strike
0-1: Called Strike
0-2: Foul Ball, location: 2F
0-2: Foul Ball, location: 2F
0-2: Ball
1-2: Ball
2-2: Strikes out swinging
Batting: LHB Bartolo Villanueva 0-0: DOUBLE (Line Drive, 7LM)
Batting: RHB Luis Miguel Sánchez 0-0: Intentional Walk
Batting: RHB Pedro Meza 0-0: Ball
1-0: Swinging Strike
1-1: Swinging Strike
1-2: Ball
2-2: Foul Ball, location: 2F
2-2: Strikes out swinging
Batting: RHB Ángel García 0-0: Fly out, F7 (Flyball, 78D)
Top of the 6th over - 0 run(s), 1 hit(s), 0 error(s), 2 left on base; Moose Jaw 1 - Balzac 0
BOTTOM OF THE 6TH
Balzac Rams batting - Pitching for Moose Jaw Ghostbusters : RHP Bill Jones
Batting: RHB Kent O'Cloonan 0-0: Ball
1-0: Ball
2-0: Called Strike
2-1: Ball
3-1: Foul Ball, location: 2F
3-2: Base on Balls
Batting: SHB Chris Bennis 0-0: Ball
1-0: DOUBLE (Groundball, 3L)
Kent O'Cloonan to third
Runner from 3rd tries for Home, SAFE, no throw or cutoff
Batting: LHB José Berroa 0-0: Intentional Walk
Batting: RHB Dave Craig 0-0: Ball
1-0: Foul Ball, location: 2F
1-1: Ball
2-1: Called Strike
2-2: Foul Ball, location: 2F
2-2: Foul Ball, location: 2F
2-2: Ball
3-2: Base on Balls
Chris Bennis to third
José Berroa to second
Batting: LHB Colt Pope 0-0: Ball
1-0: Swinging Strike
1-1: Ball
2-1: Called Strike
2-2: Ball
3-2: Base on Balls
Chris Bennis scores
José Berroa to third
Dave Craig to second
Batting: RHB Manuel Pérez 0-0: Ball
1-0: Ball
2-0: Fly out, F9 (Popup, 4D)
Batting: RHB Shawn Bane 0-0: Called Strike
0-1: Ball
1-1: Called Strike
1-2: Strikes out swinging
Batting: RHB Ramón Torres 0-0: Ball
1-0: Called Strike
1-1: Ball
2-1: Called Strike
2-2: Foul Ball, location: 2F
2-2: Foul Ball, location: 2F
2-2: Ball
3-2: Base on Balls
José Berroa scores
Dave Craig to third
Colt Pope to second
Pitching: RHP Whit Johnson
Batting: RHB Tokuhei Kobayashi 0-0: Ball
1-0: Ball
2-0: Called Strike
2-1: Ground out 5-3 (Groundball, 5L)
Bottom of the 6th over - 3 run(s), 1 hit(s), 0 error(s), 3 left on base; Moose Jaw 1 - Balzac 3
TOP OF THE 7TH
Moose Jaw Ghostbusters batting - Pitching for Balzac Rams : RHP Savino Ammanati
Batting: LHB Carlos López 0-0: Ball
1-0: Ball
2-0: Ball
3-0: Base on Balls
Batting: LHB Dave Stewart 0-0: Fielders Choice at 2nd, 3-6 (Groundball, 3)
Pitching: RHP Carlos Bamber
Batting: LHB Will Vale 0-0: Ball
1-0: Ball
2-0: 2-RUN HOME RUN (Flyball, 9D), Distance : 412 ft
Batting: RHB Earl Wiggins 0-0: Called Strike
0-1: Swinging Strike
0-2: Strikes out swinging
Batting: RHB Domingo Matos 0-0: Ball
1-0: Swinging Strike
1-1: Fly out, F8 (Line Drive, 78D)
Top of the 7th over - 2 run(s), 1 hit(s), 0 error(s), 0 left on base; Moose Jaw 3 - Balzac 3
BOTTOM OF THE 7TH
Balzac Rams batting - Pitching for Moose Jaw Ghostbusters : RHP Whit Johnson
Batting: RHB Kent O'Cloonan 0-0: Ball
1-0: Ball
2-0: Ball
3-0: Called Strike
3-1: Swinging Strike
3-2: Strikes out swinging
Batting: SHB Chris Bennis 0-0: Ball
1-0: Swinging Strike
1-1: DOUBLE (Line Drive, 5L)
Batting: LHB José Berroa 0-0: Intentional Walk
Batting: RHB Dave Craig 0-0: Foul Ball, location: 2F
0-1: Ball
1-1: Foul Ball, location: 2F
1-2: Ball
2-2: Foul Ball, location: 2F
2-2: Strikes out swinging
Batting: LHB Colt Pope 0-0: Ball
1-0: Swinging Strike
1-1: Called Strike
1-2: Strikes out swinging
Bottom of the 7th over - 0 run(s), 1 hit(s), 0 error(s), 2 left on base; Moose Jaw 3 - Balzac 3
TOP OF THE 8TH
Moose Jaw Ghostbusters batting - Pitching for Balzac Rams : RHP Carlos Bamber
Now in CF: Scott Green
Batting: LHB Bartolo Villanueva 0-0: Called Strike
0-1: DOUBLE (Line Drive, 7D)
Batting: RHB Luis Miguel Sánchez 0-0: Intentional Walk
Batting: RHB Pedro Meza 0-0: Bunted foul
0-1: Sac Bunt - play at third, runner OUT! 1-6
Luis Miguel Sánchez to second
Batting: RHB Ángel García 0-0: Ball
1-0: Foul Ball, location: 2F
1-1: Bunted foul
1-2: Ball
2-2: Ball
3-2: Grounds into double play, 6-4-3 (Groundball, 6)
Top of the 8th over - 0 run(s), 1 hit(s), 0 error(s), 1 left on base; Moose Jaw 3 - Balzac 3
BOTTOM OF THE 8TH
Balzac Rams batting - Pitching for Moose Jaw Ghostbusters : RHP Whit Johnson
Batting: RHB Manuel Pérez 0-0: Called Strike
0-1: Ball
1-1: Foul Ball, location: 2F
1-2: Ball
2-2: Foul Ball, location: 2F
2-2: DOUBLE (Line Drive, 3L)
Pitching: RHP Daniel Félix
Batting: RHB Shawn Bane 0-0: Called Strike
0-1: Ball
Passed Ball!
Manuel Pérez to third
1-1: Swinging Strike
1-2: Strikes out looking
Batting: RHB Scott Green 0-0: Ball
1-0: SINGLE (Groundball, 6M) (infield hit)
Manuel Pérez scores
Batting: RHB Tokuhei Kobayashi 0-0: SINGLE (Groundball, 34)
Scott Green to second
Runner from 2nd tries for 3rd, SAFE, throw made to third
Tokuhei Kobayashi to second
Batting: RHB Kent O'Cloonan 0-0: Foul Ball, location: 2F
0-1: Ball
1-1: SINGLE (Groundball, 56)
Scott Green scores
Tokuhei Kobayashi to third
Batting: SHB Chris Bennis 0-0: Ball
1-0: Ball
2-0: Fly out, F7 (Line Drive, 78S)
Batting: LHB José Berroa 0-0: Ball
Wild Pitch!
Tokuhei Kobayashi scores
Kent O'Cloonan to second
1-0: Called Strike
1-1: Foul Ball, location: 2F
1-2: SINGLE (Groundball, 6M)
Kent O'Cloonan to third
Runner from 3rd tries for Home, SAFE, no throw or cutoff
Pitching: RHP José Estrada
Batting: RHB Dave Craig 0-0: Ground out 2-3 (Groundball, 23)
Bottom of the 8th over - 4 run(s), 5 hit(s), 0 error(s), 1 left on base; Moose Jaw 3 - Balzac 7
TOP OF THE 9TH
Moose Jaw Ghostbusters batting - Pitching for Balzac Rams : RHP Carlos Bamber
Batting: LHB Carlos López 0-0: Foul Ball, location: 2F
0-1: Foul Ball, location: 2F
0-2: Foul Ball, location: 2F
0-2: Ball
1-2: Ground out 4-3 (Groundball, 34)
Batting: LHB Dave Stewart 0-0: Ball
1-0: Foul Ball, location: 2F
1-1: Called Strike
1-2: SINGLE (Line Drive, 8LS)
Batting: LHB Will Vale 0-0: Ball
1-0: Ball
2-0: Called Strike
2-1: Ball
3-1: Foul Ball, location: 2F
3-2: Base on Balls
Dave Stewart to second
Pitching: RHP Shiki Kanno
Batting: RHB Earl Wiggins 0-0: Called Strike
0-1: Grounds into double play, U6-3 (Groundball, 6M)
Top of the 9th over - 0 run(s), 1 hit(s), 0 error(s), 1 left on base; Moose Jaw 3 - Balzac 7
This league is powered by Out of the Park Baseball, the baseball management simulation game for PC, Mac and Linux
Wednesday, December 2nd, 2015 - OOTP Baseball 16.8 Build 38